 Dungeon Crawl Stone Soup version 0.29.0-13-gc9e81de378 (webtiles) character file.

Game seed: 11197146501463611576

396 Artool the Ducker (level 6, -8/48 HPs)
             Began as a Demonspawn Gladiator on Sept 8, 2022.
             Mangled by an ogre
             ... wielding a +0 giant spiked club
              (20 damage)
             ... on level 4 of the Dungeon.
             The game lasted 00:08:26 (4517 turns).

Artool the Ducker (Demonspawn Gladiator)            Turns: 4517, Time: 00:08:27

Health: -8/48      AC:  8    Str: 17    XL:     6   Next: 52%
Magic:  6/6        EV: 12    Int:  9    God:
Gold:   169        SH:  0    Dex: 14    Spells: 5/5 levels left

rFire   . . .      SeeInvis .   a - +0 flail
rCold   . . .      Faith    .   (no shield)
rNeg    . . .      Spirit   .   r - +0 ring mail
rPois   .          Reflect  .   c - +0 helmet
rElec   .          Harm     .   (no cloak)
rCorr   .          Rampage  .   q - +0 pair of gloves
Will    .....                   f - +0 pair of boots
Stlth   +.........              (no amulet)
HPRegen 0.16/turn               (no ring)
MPRegen 0.10/turn               (no ring)

@: no status effects
A: hooves 1, foul stench 1
a: no special abilities


You were on level 4 of the Dungeon.
You visited 1 branch of the dungeon, and saw 5 of its levels.

You collected 169 gold pieces.

Inventory:

Hand Weapons
 a - a +0 flail (weapon)
 t - a +0 whip
Missiles
 d - 3 throwing nets (quivered)
 e - 5 javelins
Armour
 c - a +0 helmet (worn)
 f - a +0 pair of boots (worn)
 q - a +0 pair of gloves (worn)
 r - a +0 ring mail (worn)
Scrolls
 g - a scroll of fear {unknown}
 h - 3 scrolls of identify {unknown}
 i - 2 scrolls of amnesia {unknown}
 j - 2 scrolls of teleportation {unknown}
 k - a scroll of blinking {unknown}
 n - a scroll of noise {unknown}
 o - a scroll of enchant armour {unknown}
 s - 3 scrolls of magic mapping {unknown}
Potions
 b - a potion of brilliance
 l - a potion of flight {unknown}
 m - a potion of curing {unknown}
 p - a potion of attraction {unknown}


   Skills:
 + Level 4.3 Fighting
 + Level 4.4 Maces & Flails
 - Level 2.0 Throwing
 + Level 4.4 Dodging


You had 5 spell levels left.
You didn't know any spells.
Your spell library contained the following spells:

 Spells                   Type           Power      Damage    Failure   Level
 Sting                    Tmut/Pois      0%         1d3       58%         1
 Poisonous Vapours        Pois/Air       0%         N/A       75%         2
 Cause Fear               Hex            0%         N/A       100%        4
 Fulminant Prism          Conj/Hex       0%         3d6       100%        4
 Iskenderun's Mystic Bla  Conj/Tloc      0%         2d3       100%        4
 Olgreb's Toxic Radiance  Pois           0%         N/A       100%        4
 Lee's Rapid Deconstruct  Erth           0%         3d5*      100%        5
 Dragon Form              Tmut           0%         N/A       100%        7
 Dragon's Call            Summ           0%         N/A       100%        9


Dungeon Overview and Level Annotations

Branches:
Dungeon (5/15)
 Temple: D:4-7

Altars:
Wu Jian

Shops:
D:1 *(

Annotations:
D:2 1 runed translucent door, Crazy Yiuf


Innate Abilities, Weirdness & Mutations

You have large cloven feet.
You may rarely emit foul miasma when damaged in melee.


Message History

The ogre is lightly wounded.
A black bear comes into view.
You barely miss the ogre.
The ogre is lightly wounded.
The black bear growls angrily.
The ogre barely misses you.
You barely miss the ogre.
The ogre is lightly wounded.
The ogre barely misses you.
You barely miss the ogre. You punch the ogre, but do no damage.
The ogre is lightly wounded.
The ogre hits you with a +0 giant spiked club.
You hit the ogre but do no damage.
The ogre is lightly wounded.
You barely miss the ogre.
The ogre is lightly wounded.
The ogre barely misses you.
You sock the ogre!
The ogre is moderately wounded.
The ogre barely misses you.
There is a stone staircase leading up here.
The ogre hits you with a +0 giant spiked club!!
You climb upwards.
There is a stone staircase leading down here.
You hit the ogre.
The ogre is heavily wounded.
You barely miss the ogre.
The ogre is heavily wounded.
The ogre hits you with a +0 giant spiked club!
* * * LOW HITPOINT WARNING * * *
You are too injured to fight recklessly!
You are too injured to fight recklessly!
You are too injured to fight recklessly!
You barely miss the ogre.
The ogre is heavily wounded.
The ogre misses you.
You hit the ogre but do no damage.
The ogre is heavily wounded.
The ogre hits you with a +0 giant spiked club!!
You die...

#...........#.......##
#...##........##...##
##.................#
#...##.......#....##
##
#............###†..#
#. ##..........##
#..## #. ##.#........#
#..####.
###.O....#####)###.#.
##@...####...# #...
##...#.#...## #..#
##........####.##
####....##.#....
#...#........#
#...#..#....##
#..######.### #### ###


You could see an ogre.

Vanquished Creatures
  A black bear (D:4)
  A phantom (D:4)
  A hound (D:4)
  A jelly (D:4)
  An iguana (D:4)
  An orc wizard (D:3)
  4 adders
  5 worms
  6 orcs
  5 ball pythons
  6 bats
  5 endoplasms
  A giant cockroach (D:4)
  8 goblins
  A hobgoblin (D:1)
  10 jackals
  5 kobolds
  3 quokkas
  A rat (D:3)
66 creatures vanquished.

Notes
Turn   | Place    | Note
-------+----------+-------------------------------------------
     0 | D:1      | Artool the Demonspawn Gladiator began the quest for the
                  | Orb.
     0 | D:1      | Reached XP level 1. HP: 16/16 MP: 1/1
   175 | D:1      | Found Zyhi's Weapon Emporium.
   181 | D:1      | Gained mutation: You may rarely emit foul miasma when
                  | damaged in melee. [demonic ancestry]
   181 | D:1      | Reached XP level 2. HP: 22/22 MP: 2/2
   459 | D:1      | Found Uttia's General Store.
   659 | D:1      | Found a faded altar of an unknown god.
  1172 | D:2      | Reached XP level 3. HP: 4/28 MP: 3/3
  2031 | D:2      | Found a runed translucent door.
  2032 | D:2      | Noticed Crazy Yiuf
  2595 | D:3      | Found an ornate altar of the Wu Jian Council.
  2746 | D:3      | Reached XP level 4. HP: 14/34 MP: 4/4
  3313 | D:4      | Noticed a phantom
  3510 | D:4      | Reached XP level 5. HP: 33/41 MP: 5/5
  3949 | D:4      | Noticed a black bear
  3954 | D:4      | Killed a phantom
  3955 | D:4      | Gained mutation: You have large cloven feet. [demonic
                  | ancestry]
  3955 | D:4      | Reached XP level 6. HP: 29/48 MP: 6/6
  4495 | D:5      | Entered Level 5 of the Dungeon
  4517 | D:4      | Mangled by an ogre

Illustrated notes

Levels and vault maps discovered:
D:1:      amcnicky_arrival_single_pillar, layout_loops_ring, serial_shops,
          nicolae_shop_waterfront, nicolae_shop_bloodbath_and_beyond,
          serial_rivers, chequers_serial_rivers_marsh,
          chequers_serial_rivers_micro_c, chequers_serial_rivers_micro_c,
          chequers_serial_rivers_room_b, chequers_serial_rivers_micro_a,
          chequers_serial_rivers_small_a, dilly_ecumenical_altar_fadedgnrine
D:2:      layout_basic, uniq_crazy_yiuf_cottage
D:3:      layout_rooms, nicolae_wu_jian_wuxing_cycle
D:4:      layout_cave_pools
D:5:      layout_rooms, mainiacjoe_overflow_chevrons, amcnicky_altar_gilded,
          tso_oasis_becter, nicolae_overflow_hallway_of_the_gods

Skill      XL: |  1  2  3  4  5  6 |
---------------+-------------------+-----
Throwing       | 2 |  2.0
Maces & Flails | 3 4 |  4.4
Dodging        | 3 4 |  4.4
Fighting       | 3 4 |  4.3

Action                   |  1- 3 |  4- 6 || total
-------------------------+-------+-------++-------
Melee: Flail             |   121 |   125 ||   246
       Punch             |       |     3 ||     3
  Use: Potion            |     1 |       ||     1
 Stab: Sleeping          |       |     1 ||     1
Armor: Leather armour    |    51 |    15 ||    66
       Ring mail         |       |    60 ||    60
Dodge: Dodged            |   112 |   106 ||   218
